Blues vs Devils
Created - December 1, 2018 at 20:46
Goals
|
| Blues |
1 |
1 |
2 |
4 |
| Devils |
1 |
3 |
2 |
6 |
|
Shots
|
| Blues |
10 |
10 |
20 |
40 |
| Devils |
6 |
17 |
5 |
28 |
|
1st period
1. Blues , Alex Pietrangelo 5 (Sergei Shirokov 11, Jake Gardiner 11) at 2:49 (PP)
2. Devils , Patrick Kane 17 (Ryan O'Byrne 2) at 5:12 (SH)
Penalties :
Jaden Schwartz (NJD) for Holding (Minor) at 2:38, Jonathan Toews (NJD) for Holding (Minor) at 3:56
2nd period
3. Devils , Patrick Kane 18 (Tyler Cuma 9) at 11:18
4. Blues , David Perron 13 (Alex Pietrangelo 27, Nicklas Backstrom 29) at 11:24
5. Devils , Tyler Cuma 1 (Patrick Kane 21, Jonathan Toews 16) at 13:32
6. Devils , Steve Quailer 3 (Tyler Bozak 3, Kellan Lain 5) at 15:07
Penalties :
Jason Pominville (STL) for Charging (Minor) at 16:11
3rd period
7. Devils , Kellan Lain 5 (Ben Lovejoy 7) at 2:56
8. Blues , Patrick Kaleta 4 (Ted Purcell 12, Tomas Plekanec 4) at 5:11
9. Blues , David Perron 14 (Jason Pominville 9, Nicklas Backstrom 30) at 18:24
10. Devils , Patrick Kane 19 (Taylor Hall 18, Matt Duchene 25) at 19:59 (Empty Net)
Penalties :
Jonathan Toews (NJD) for Hooking (Minor) at 0:22, Jaden Schwartz (NJD) for Slashing (Minor) at 8:06
Goalie Stats
Carey Price (STL), 19 saves from 24 shots - (0.792), L, 7-9-0, 42:56 minutes
Ray Emery (STL), 3 saves from 3 shots - (1.000), 16:15 minutes
Ryan Miller (NJD), 36 saves from 40 shots - (0.900), W, 8-9-1, 60:00 minutes
Players Stats for Blues
Player Name G A P +/- PIM S H SB GA TA FO MP PP MP PK MP
------------------------------------------------------------------------------------
Alex Pietrangelo 1 1 2 -1 0 5 1 1 0 0 0/0 25:12 3:45 1:10
Bryce Lampman 0 0 0 0 0 0 0 0 1 0 0/0 22:41 2:23 1:10
Cody Ceci 0 0 0 -2 0 1 0 0 0 1 0/0 12:01 0:00 0:00
David Perron 2 0 2 1 0 8 3 0 3 0 0/2 22:05 3:19 0:34
Drew Shore 0 0 0 -1 0 0 1 1 0 1 2/4 9:05 0:00 0:32
Filip Forsberg 0 0 0 -3 0 1 0 0 0 0 0/1 16:42 2:49 0:00
George Parros 0 0 0 -1 0 0 1 0 0 0 0/1 8:31 0:00 0:00
Jake Gardiner 0 1 1 -1 0 0 1 2 1 1 0/0 27:23 3:45 0:49
Jason Pominville 0 1 1 1 2 2 3 1 1 0 1/2 21:30 3:19 0:00
Linus Omark 0 0 0 -1 0 2 1 0 0 1 0/0 8:31 0:00 0:00
Nick Leddy 0 0 0 -2 0 1 0 0 2 1 0/0 14:51 2:23 0:00
Nicklas Backstrom 0 2 2 1 0 3 2 0 0 0 18/33 21:58 3:19 0:29
Patrick Kaleta 1 0 1 0 0 2 1 1 1 0 0/0 12:13 0:00 0:56
Sergei Shirokov 0 1 1 -3 0 4 6 1 0 0 0/0 16:42 2:49 0:00
Ted Purcell 0 1 1 0 0 5 0 1 0 0 0/0 11:46 0:00 0:29
Tomas Plekanec 0 1 1 0 0 2 0 1 0 1 5/11 11:17 0:00 0:00
Travis Zajac 0 0 0 -3 0 3 1 0 0 0 7/15 17:40 2:49 0:58
Yann Sauvé 0 0 0 0 0 1 0 2 0 0 0/0 17:52 0:00 0:49
Players Stats for Devils
Player Name G A P +/- PIM S H SB GA TA FO MP PP MP PK MP
------------------------------------------------------------------------------------
Anthony Stewart 0 0 0 0 0 1 0 1 0 1 0/0 12:25 0:00 1:58
Ben Lovejoy 0 1 1 -1 0 0 0 0 0 1 0/0 19:57 1:22 3:14
Colton Parayko 0 0 0 0 0 0 1 1 0 0 0/0 10:28 0:00 0:00
Dmitry Kulikov 0 0 0 1 0 0 0 1 0 0 0/0 18:26 0:37 2:47
Jaden Schwartz 0 0 0 1 4 1 1 0 0 1 1/1 15:32 0:00 0:00
Jonathan Toews 0 1 1 -2 4 0 2 0 3 2 14/27 19:14 0:57 0:29
Jordan Eberle 0 0 0 -2 0 1 0 0 0 0 0/2 21:40 1:02 3:15
Kellan Lain 1 1 2 2 0 2 0 0 0 0 0/1 7:19 0:00 0:00
Matt Duchene 0 1 1 3 0 4 2 0 0 0 10/15 18:10 1:02 0:23
Ondrej Palat 0 0 0 0 0 3 3 0 0 0 1/1 12:27 0:57 1:10
Patrick Kane 3 1 4 3 0 6 3 0 1 1 2/2 19:31 0:57 1:43
Ryan O'Byrne 0 1 1 4 0 0 1 3 0 1 0/0 24:45 0:00 2:54
Scott Gomez 0 0 0 0 0 0 2 1 0 0 6/16 13:14 0:00 3:18
Steve Quailer 1 0 1 2 0 2 0 0 0 0 1/1 7:19 0:00 0:00
Taylor Hall 0 1 1 -1 0 5 1 1 0 1 0/0 19:38 1:02 0:00
Travis Hamonic 0 0 0 -1 0 0 2 2 0 0 0/0 23:24 0:37 3:14
Tyler Bozak 0 1 1 2 0 0 0 1 1 0 1/3 7:19 0:00 0:00
Tyler Cuma 1 1 2 3 0 3 1 0 1 1 0/0 23:00 1:22 0:07
3 Stars
1 - Patrick Kane (NJD)
2 - Tyler Cuma (NJD)
3 - David Perron (STL)
Power Play
Blues - 1 on 4 Attempt(s) - 25.00%
Devils - 0 on 1 Attempt(s) - 0.00%
Penalty Kill
Blues - 1 on 1 Attempt(s) - 100.00%
- Score 0 goal in Penalty Kill
Devils - 3 on 4 Attempt(s) - 75.00%
- Score 1 goal in Penalty Kill
Team Stat
Blues - Hits : 21 - Faceoff Wins : 33 - Blocked Shots : 11 - Penalty Minutes : 2
Devils - Hits : 19 - Faceoff Wins : 36 - Blocked Shots : 11 - Penalty Minutes : 8
Official
Referees : Unknown
Linesman : Unknown
Game Notes
Ray Emery enters game at 2:56 of 3rd period
Patrick Kane has scored a Hat Trick!
Patrick Kane has scored in a empty net!
Finance
Level 1 -- Attendance: 6000 (100.00%) -- Ticket Income $540,000
Level 2 -- Attendance: 4502 (90.04%) -- Ticket Income $256,614
Level 3 -- Attendance: 2000 (100.00%) -- Ticket Income $66,000
Level 4 -- Attendance: 4000 (100.00%) -- Ticket Income $100,000
Luxury Box -- Attendance: 937 (93.70%) -- Ticket Income $145,235
Game was played at the The prudential Center.
Total Attendance: 17439 (96.88%)
Total Ticket Income: $1,107,849
Other Income: $166,177
Total Income: $1,274,026
Blues
5 vs 5 Forward
Center Left Wing Right Wing Time % Phy DF OF
1 Nicklas Backstrom David Perron Jason Pominville 40 1 2 2
2 Travis Zajac Filip Forsberg Sergei Shirokov 30 1 2 2
3 Tomas Plekanec Ted Purcell Patrick Kaleta 20 1 2 2
4 Drew Shore Linus Omark George Parros 10 1 2 2
5 vs 5 Defense
Defense Defense Time % Phy DF OF
1 Alex Pietrangelo Jake Gardiner 40 1 2 2
2 Bryce Lampman Yann Sauvé 30 1 2 2
3 Nick Leddy Cody Ceci 20 1 2 2
4 Jake Gardiner Bryce Lampman 10 1 2 2
PowerPlay Forward
Center Left Wing Right Wing Time % Phy DF OF
1 Nicklas Backstrom David Perron Jason Pominville 60 1 2 2
2 Travis Zajac Filip Forsberg Sergei Shirokov 40 1 2 2
PowerPlay Defense
Defense Defense Time % Phy DF OF
1 Alex Pietrangelo Jake Gardiner 60 1 2 2
2 Nick Leddy Bryce Lampman 40 1 2 2
Penalty Kill 4 Players Forward
Center Wing Time % Phy DF OF
1 Travis Zajac Patrick Kaleta 60 1 2 2
2 Nicklas Backstrom Ted Purcell 40 1 2 2
Penalty Kill 4 Players Defense
Defense Defense Time % Phy DF OF
1 Alex Pietrangelo Bryce Lampman 60 1 2 2
2 Jake Gardiner Yann Sauvé 40 1 2 2
Penalty Kill - 3 Players Forward
Forward Time % Phy DF OF
1 Travis Zajac 60 1 2 2
2 Ted Purcell 40 1 2 2
Penalty Kill - 3 Players Defense
Defense Defense Time % Phy DF OF
1 Alex Pietrangelo Bryce Lampman 60 1 2 2
2 Jake Gardiner Yann Sauvé 40 1 2 2
4 vs 4 Forward
Center Wing Time % Phy DF OF
1 Nicklas Backstrom David Perron 60 1 2 2
2 Travis Zajac Jason Pominville 40 1 2 2
4 vs 4 Defense
Defense Defense Time % Phy DF OF
1 Alex Pietrangelo Bryce Lampman 60 1 2 2
2 Jake Gardiner Yann Sauvé 40 1 2 2
Last Minutes Offensive
Center Left Wing Right Wing Defense Defense
Nicklas Backstrom David Perron Jason Pominville Alex Pietrangelo Jake Gardiner
Last Minutes Defensive
Center Left Wing Right Wing Defense Defense
Travis Zajac Ted Purcell Patrick Kaleta Alex Pietrangelo Bryce Lampman
Goaltenders
Starting : Carey Price
Backup : Ray Emery
Extra Forwards
Normal : Drew Shore, George Parros, Patrick Kaleta - PP : Drew Shore, George Parros - PK : Patrick Kaleta
Extra Defensemen
Normal : Nick Leddy, Cody Ceci, Jake Gardiner - PP : Nick Leddy - PK : Cody Ceci, Jake Gardiner
Penalty Shots
David Perron, Ted Purcell, Nicklas Backstrom, Travis Zajac, Linus Omark
Scratches
Logan Couture (Right Leg Injury)
Devils
5 vs 5 Forward
Center Left Wing Right Wing Time % Phy DF OF
1 Jonathan Toews Taylor Hall Jordan Eberle 40 0 2 3
2 Matt Duchene Jaden Schwartz Patrick Kane 30 0 2 3
3 Scott Gomez Ondrej Palat Anthony Stewart 20 0 2 3
4 Tyler Bozak Kellan Lain Steve Quailer 10 0 3 2
5 vs 5 Defense
Defense Defense Time % Phy DF OF
1 Ryan O'Byrne Tyler Cuma 40 0 3 2
2 Ben Lovejoy Travis Hamonic 30 0 3 2
3 Dmitry Kulikov Colton Parayko 20 0 3 2
4 Travis Hamonic Dmitry Kulikov 10 0 3 2
PowerPlay Forward
Center Left Wing Right Wing Time % Phy DF OF
1 Matt Duchene Taylor Hall Jordan Eberle 60 0 2 3
2 Jonathan Toews Ondrej Palat Patrick Kane 40 0 2 3
PowerPlay Defense
Defense Defense Time % Phy DF OF
1 Tyler Cuma Ben Lovejoy 60 1 2 2
2 Travis Hamonic Dmitry Kulikov 40 1 2 2
Penalty Kill 4 Players Forward
Center Wing Time % Phy DF OF
1 Scott Gomez Jordan Eberle 60 1 2 2
2 Jonathan Toews Patrick Kane 40 1 2 2
Penalty Kill 4 Players Defense
Defense Defense Time % Phy DF OF
1 Ryan O'Byrne Dmitry Kulikov 60 1 2 2
2 Travis Hamonic Ben Lovejoy 40 1 2 2
Penalty Kill - 3 Players Forward
Forward Time % Phy DF OF
1 Scott Gomez 60 1 2 2
2 Taylor Hall 40 1 2 2
Penalty Kill - 3 Players Defense
Defense Defense Time % Phy DF OF
1 Travis Hamonic Dmitry Kulikov 60 1 2 2
2 Ben Lovejoy Ryan O'Byrne 40 1 2 2
4 vs 4 Forward
Center Wing Time % Phy DF OF
1 Jonathan Toews Jordan Eberle 60 1 2 2
2 Matt Duchene Taylor Hall 40 1 2 2
4 vs 4 Defense
Defense Defense Time % Phy DF OF
1 Travis Hamonic Ben Lovejoy 60 1 2 2
2 Colton Parayko Ryan O'Byrne 40 1 2 2
Last Minutes Offensive
Center Left Wing Right Wing Defense Defense
Matt Duchene Taylor Hall Patrick Kane Tyler Cuma Ben Lovejoy
Last Minutes Defensive
Center Left Wing Right Wing Defense Defense
Matt Duchene Taylor Hall Patrick Kane Travis Hamonic Ben Lovejoy
Goaltenders
Starting : Ryan Miller
Backup : Keith Kinkaid
Extra Forwards
Normal : Scott Gomez, Ondrej Palat, Anthony Stewart - PP : Scott Gomez, Ondrej Palat - PK : Anthony Stewart
Extra Defensemen
Normal : Dmitry Kulikov, Tyler Cuma, Colton Parayko - PP : Dmitry Kulikov - PK : Tyler Cuma, Colton Parayko
Penalty Shots
Patrick Kane, Taylor Hall, Matt Duchene, Jordan Eberle, Jonathan Toews
Scratches
Brandon Bollig (Healthy)
% Time on Ice - Blues
Lines # - Real PCT - Wanted PCT - Time Play
Normal Forward
1 - 34% - 40% - 17:18
2 - 27% - 30% - 13:53
3 - 22% - 20% - 11:17
4 - 17% - 10% - 8:31
Normal Defense
1 - 38% - 40% - 19:31
2 - 34% - 30% - 17:22
3 - 24% - 20% - 12:01
4 - 4% - 10% - 2:05
PP Forward
1 - 54% - 60% - 3:19
2 - 46% - 40% - 2:49
PP Defense
1 - 61% - 60% - 3:45
2 - 39% - 40% - 2:23
PK Forward
1 - 76% - 60% - 1:30
2 - 24% - 40% - 0:29
PK Defense
1 - 59% - 60% - 1:10
2 - 41% - 40% - 0:49
PK3 Forward
1 - 0% - 60%
2 - 0% - 40%
PK3 Defense
1 - 0% - 60%
2 - 0% - 40%
44 Forward
1 - 0% - 60%
2 - 0% - 40%
44 Defense
1 - 0% - 60%
2 - 0% - 40%
Last Minute Offensive - 0:54
Last Minute Defensive - 0:00
Total
Forward - 60:00
Defense - 60:00
|
% Time on Ice - Devils
Lines # - Real PCT - Wanted PCT - Time Play
Normal Forward
1 - 35% - 40% - 17:47
2 - 31% - 30% - 15:38
3 - 20% - 20% - 9:56
4 - 14% - 10% - 7:19
Normal Defense
1 - 41% - 40% - 20:39
2 - 30% - 30% - 15:20
3 - 21% - 20% - 10:28
4 - 8% - 10% - 4:13
PP Forward
1 - 52% - 60% - 1:02
2 - 48% - 40% - 0:57
PP Defense
1 - 69% - 60% - 1:22
2 - 31% - 40% - 0:37
PK Forward
1 - 72% - 60% - 4:25
2 - 28% - 40% - 1:43
PK Defense
1 - 47% - 60% - 2:54
2 - 53% - 40% - 3:14
PK3 Forward
1 - 0% - 60%
2 - 0% - 40%
PK3 Defense
1 - 0% - 60%
2 - 0% - 40%
44 Forward
1 - 0% - 60%
2 - 0% - 40%
44 Defense
1 - 0% - 60%
2 - 0% - 40%
Last Minute Offensive - 0:00
Last Minute Defensive - 1:13
Total
Forward - 60:00
Defense - 60:00
|
Play by Play
1st period
0:01 of 1st period - Jonathan Toews wins face-off versus Nicklas Backstrom in neutral zone.
0:10 of 1st period - Wrist shot by Jonathan Toews.
0:10 of 1st period - Shot Blocked by Jake Gardiner.
0:55 of 1st period - Snap shot by Sergei Shirokov.
0:55 of 1st period - Stopped by Ryan Miller without a rebound.
0:56 of 1st period - Tomas Plekanec wins face-off versus Tyler Bozak in Devils zone.
1:11 of 1st period - Slapshot by Steve Quailer.
1:11 of 1st period - Deflect By Kellan Lain.
1:11 of 1st period - Shot Blocked by Tomas Plekanec.
1:11 of 1st period - Puck is out of play.
1:12 of 1st period - Scott Gomez wins face-off versus Nicklas Backstrom in Blues zone.
1:19 of 1st period - Snap shot by Ondrej Palat.
1:19 of 1st period - Deflect By Scott Gomez.
1:19 of 1st period - Shot Misses the Net.
1:19 of 1st period - Puck is out of play.
1:20 of 1st period - Nicklas Backstrom wins face-off versus Scott Gomez in Blues zone.
2:17 of 1st period - Snap shot by David Perron.
2:17 of 1st period - Stopped by Ryan Miller with a rebound.
2:19 of 1st period - Snap shot by Nicklas Backstrom.
2:19 of 1st period - Stopped by Ryan Miller with a rebound.
2:21 of 1st period - Slapshot by Nick Leddy.
2:21 of 1st period - Stopped by Ryan Miller without a rebound.
2:22 of 1st period - Matt Duchene wins face-off versus George Parros in Devils zone.
2:38 of 1st period - Minor Penalty to Jaden Schwartz for Holding.
2:39 of 1st period - Travis Zajac wins face-off versus Scott Gomez in Devils zone.
2:41 of 1st period - Slapshot by Sergei Shirokov.
2:41 of 1st period - Shot Misses the Net.
2:43 of 1st period - Slapshot by Jake Gardiner.
2:43 of 1st period - Shot Misses the Net.
2:45 of 1st period - Snap shot by Alex Pietrangelo.
2:45 of 1st period - Shot Blocked by Scott Gomez.
2:47 of 1st period - Slapshot by Sergei Shirokov.
2:47 of 1st period - Stopped by Ryan Miller with a rebound.
2:49 of 1st period - Slapshot by Alex Pietrangelo.
2:49 of 1st period - Goal by Alex Pietrangelo - Blues : 1 - Devils : 0.
2:50 of 1st period - Matt Duchene wins face-off versus Tomas Plekanec in neutral zone.
3:56 of 1st period - Minor Penalty to Jonathan Toews for Holding.
3:57 of 1st period - Scott Gomez wins face-off versus Jason Pominville in Devils zone.
4:26 of 1st period - Snap shot by Sergei Shirokov.
4:26 of 1st period - Stopped by Ryan Miller with a rebound.
4:28 of 1st period - Snap shot by Filip Forsberg.
4:28 of 1st period - Shot Misses the Net.
5:12 of 1st period - Snap shot by Patrick Kane.
5:12 of 1st period - Goal by Patrick Kane - Blues : 1 - Devils : 1.
5:13 of 1st period - Scott Gomez wins face-off versus Nicklas Backstrom in neutral zone.
5:56 of 1st period - Penalty to Jonathan Toews is over, Jonathan Toews is back on ice.
6:10 of 1st period - Snap shot by Patrick Kaleta.
6:10 of 1st period - Shot Blocked by Tyler Bozak.
6:14 of 1st period - Snap shot by Ted Purcell.
6:14 of 1st period - Stopped by Ryan Miller without a rebound.
6:15 of 1st period - Matt Duchene wins face-off versus Travis Zajac in Devils zone.
6:20 of 1st period - Snap shot by Patrick Kane.
6:20 of 1st period - Deflect By Jaden Schwartz.
6:20 of 1st period - Shot Misses the Net.
6:20 of 1st period - Puck is out of play.
6:21 of 1st period - Patrick Kane wins face-off versus Travis Zajac in Blues zone.
6:42 of 1st period - Patrick Kane is hit by Sergei Shirokov and loses puck.
7:17 of 1st period - Slapshot by Alex Pietrangelo.
7:17 of 1st period - Shot Blocked by Colton Parayko.
7:19 of 1st period - Slapshot by Travis Zajac.
7:19 of 1st period - Stopped by Ryan Miller without a rebound.
7:20 of 1st period - Jonathan Toews wins face-off versus Nicklas Backstrom in Devils zone.
7:47 of 1st period - Bryce Lampman is hit by Ondrej Palat and loses puck.
8:30 of 1st period - Wrist shot by Taylor Hall.
8:30 of 1st period - Shot Misses the Net.
8:45 of 1st period - Ryan O'Byrne is hit by Patrick Kaleta and loses puck.
8:58 of 1st period - Snap shot by Anthony Stewart.
8:58 of 1st period - Deflect By Patrick Kane.
8:58 of 1st period - Stopped by Carey Price without a rebound.
8:59 of 1st period - Travis Zajac wins face-off versus Matt Duchene in Blues zone.
9:25 of 1st period - Jonathan Toews is hit by David Perron and loses puck.
10:05 of 1st period - Wrist shot by Ondrej Palat.
10:05 of 1st period - Stopped by Carey Price with a rebound.
10:15 of 1st period - Travis Hamonic is hit by George Parros and loses puck.
11:14 of 1st period - Snap shot by Taylor Hall.
11:14 of 1st period - Shot Misses the Net.
11:20 of 1st period - Wrist shot by Taylor Hall.
11:20 of 1st period - Shot Blocked by Patrick Kaleta.
11:38 of 1st period - Yann Sauvé is hit by Matt Duchene and loses puck.
11:56 of 1st period - Icing by Tyler Cuma.
11:57 of 1st period - Scott Gomez wins face-off versus Travis Zajac in Devils zone.
12:02 of 1st period - Ryan O'Byrne is hit by Sergei Shirokov.
12:46 of 1st period - Slapshot by Matt Duchene.
12:46 of 1st period - Stopped by Carey Price without a rebound.
12:47 of 1st period - Matt Duchene wins face-off versus Travis Zajac in Blues zone.
13:02 of 1st period - Snap shot by Matt Duchene.
13:02 of 1st period - Stopped by Carey Price without a rebound.
13:03 of 1st period - Nicklas Backstrom wins face-off versus Jonathan Toews in Blues zone.
13:30 of 1st period - Jake Gardiner is hit by Travis Hamonic and loses puck.
13:39 of 1st period - Snap shot by Ondrej Palat.
13:39 of 1st period - Stopped by Carey Price with a rebound.
14:12 of 1st period - Icing by Travis Zajac.
14:13 of 1st period - Matt Duchene wins face-off versus Tomas Plekanec in Blues zone.
14:44 of 1st period - Tyler Cuma is hit by David Perron.
15:13 of 1st period - Icing by Tyler Cuma.
15:14 of 1st period - Ondrej Palat wins face-off versus Tomas Plekanec in Devils zone.
15:41 of 1st period - Anthony Stewart is hit by Nicklas Backstrom and loses puck.
16:30 of 1st period - Backhand shot by George Parros.
16:30 of 1st period - Shot Blocked by Travis Hamonic.
16:32 of 1st period - Snap shot by Bryce Lampman.
16:32 of 1st period - Deflect By Linus Omark.
16:32 of 1st period - Shot Blocked by Travis Hamonic.
16:32 of 1st period - Puck is out of play.
16:33 of 1st period - Jonathan Toews wins face-off versus Nicklas Backstrom in Devils zone.
16:33 of 1st period - Jonathan Toews is hit by Jason Pominville.
16:59 of 1st period - Alex Pietrangelo is hit by Ondrej Palat and loses puck.
17:08 of 1st period - Slapshot by Scott Gomez.
17:08 of 1st period - Shot Misses the Net.
17:10 of 1st period - Slapshot by Ryan O'Byrne.
17:10 of 1st period - Shot Blocked by Sergei Shirokov.
17:30 of 1st period - Slapshot by Patrick Kaleta.
17:30 of 1st period - Shot Misses the Net.
17:32 of 1st period - Slapshot by Alex Pietrangelo.
17:32 of 1st period - Shot Blocked by Ryan O'Byrne.
17:48 of 1st period - Wrist shot by Jason Pominville.
17:48 of 1st period - Shot Misses the Net.
17:50 of 1st period - Snap shot by Bryce Lampman.
17:50 of 1st period - Shot Misses the Net.
17:55 of 1st period - Icing by Tyler Cuma.
17:56 of 1st period - Travis Zajac wins face-off versus Kellan Lain in Devils zone.
17:57 of 1st period - Wrist shot by Sergei Shirokov.
17:57 of 1st period - Stopped by Ryan Miller without a rebound.
17:58 of 1st period - Jonathan Toews wins face-off versus Travis Zajac in Devils zone.
18:25 of 1st period - Nicklas Backstrom is hit by Jaden Schwartz and loses puck.
18:53 of 1st period - Yann Sauvé is hit by Ryan O'Byrne and loses puck.
Goals for this period are 1 for Blues vs 1 for Devils.
Shots for this period are 10 for Blues vs 6 for Devils.
2nd period
0:01 of 2nd period - Jonathan Toews wins face-off versus Nicklas Backstrom in neutral zone.
0:06 of 2nd period - Snap shot by Taylor Hall.
0:06 of 2nd period - Stopped by Carey Price with a rebound.
0:08 of 2nd period - Snap shot by Jordan Eberle.
0:08 of 2nd period - Stopped by Carey Price with a rebound.
0:10 of 2nd period - Slapshot by Colton Parayko.
0:10 of 2nd period - Deflect By Jordan Eberle.
0:10 of 2nd period - Shot Misses the Net.
0:10 of 2nd period - Puck is out of play.
0:11 of 2nd period - Jonathan Toews wins face-off versus Nicklas Backstrom in Blues zone.
0:12 of 2nd period - Wrist shot by Taylor Hall.
0:12 of 2nd period - Deflect By Jake Gardiner.
0:12 of 2nd period - Stopped by Carey Price with a rebound.
0:14 of 2nd period - Slapshot by Ryan O'Byrne.
0:14 of 2nd period - Shot Misses the Net.
0:16 of 2nd period - Snap shot by Jonathan Toews.
0:16 of 2nd period - Shot Blocked by Jason Pominville.
0:18 of 2nd period - Wrist shot by Taylor Hall.
0:18 of 2nd period - Stopped by Carey Price with a rebound.
0:38 of 2nd period - Matt Duchene is hit by Sergei Shirokov and loses puck.
1:35 of 2nd period - Snap shot by Scott Gomez.
1:35 of 2nd period - Shot Blocked by Yann Sauvé.
1:37 of 2nd period - Wrist shot by Anthony Stewart.
1:37 of 2nd period - Shot Blocked by Drew Shore.
2:54 of 2nd period - Slapshot by David Perron.
2:54 of 2nd period - Stopped by Ryan Miller without a rebound.
2:55 of 2nd period - Nicklas Backstrom wins face-off versus Jonathan Toews in Devils zone.
3:16 of 2nd period - Nicklas Backstrom is hit by Jonathan Toews.
3:20 of 2nd period - Taylor Hall is hit by Nicklas Backstrom and loses puck.
3:30 of 2nd period - Off-side.
3:31 of 2nd period - Matt Duchene wins face-off versus Travis Zajac in neutral zone.
3:43 of 2nd period - Off-side.
3:44 of 2nd period - Matt Duchene wins face-off versus Travis Zajac in neutral zone.
3:49 of 2nd period - Slapshot by Matt Duchene.
3:49 of 2nd period - Stopped by Carey Price without a rebound.
3:50 of 2nd period - Matt Duchene wins face-off versus Filip Forsberg in Blues zone.
4:05 of 2nd period - Wrist shot by Patrick Kane.
4:05 of 2nd period - Shot Blocked by Alex Pietrangelo.
4:39 of 2nd period - Snap shot by David Perron.
4:39 of 2nd period - Shot Blocked by Ryan O'Byrne.
4:41 of 2nd period - Wrist shot by Tomas Plekanec.
4:41 of 2nd period - Deflect By Ted Purcell.
4:41 of 2nd period - Stopped by Ryan Miller with a rebound.
5:31 of 2nd period - Snap shot by Taylor Hall.
5:31 of 2nd period - Stopped by Carey Price without a rebound.
5:32 of 2nd period - Travis Zajac wins face-off versus Jonathan Toews in Blues zone.
5:47 of 2nd period - Wrist shot by Taylor Hall.
5:47 of 2nd period - Stopped by Carey Price without a rebound.
5:48 of 2nd period - Nicklas Backstrom wins face-off versus Scott Gomez in Blues zone.
5:52 of 2nd period - Off-side.
5:53 of 2nd period - Scott Gomez wins face-off versus Nicklas Backstrom in neutral zone.
6:05 of 2nd period - Snap shot by Ondrej Palat.
6:05 of 2nd period - Stopped by Carey Price with a rebound.
7:49 of 2nd period - Alex Pietrangelo is hit by Scott Gomez and loses puck.
8:33 of 2nd period - Off-side.
8:34 of 2nd period - Drew Shore wins face-off versus Matt Duchene in neutral zone.
8:48 of 2nd period - Wrist shot by Matt Duchene.
8:48 of 2nd period - Stopped by Carey Price with a rebound.
8:59 of 2nd period - Linus Omark is hit by Matt Duchene and loses puck.
9:03 of 2nd period - Icing by Linus Omark.
9:04 of 2nd period - Drew Shore wins face-off versus Jonathan Toews in Blues zone.
9:04 of 2nd period - Drew Shore is hit by Taylor Hall.
9:15 of 2nd period - Dmitry Kulikov is hit by Linus Omark.
9:28 of 2nd period - Icing by Dmitry Kulikov.
9:29 of 2nd period - Nicklas Backstrom wins face-off versus Jonathan Toews in Devils zone.
9:30 of 2nd period - Slapshot by Alex Pietrangelo.
9:30 of 2nd period - Stopped by Ryan Miller without a rebound.
9:31 of 2nd period - Jonathan Toews wins face-off versus Nicklas Backstrom in Devils zone.
9:46 of 2nd period - Ben Lovejoy is hit by David Perron and loses puck.
10:23 of 2nd period - Slapshot by Patrick Kane.
10:23 of 2nd period - Deflect By Travis Zajac.
10:23 of 2nd period - Shot Blocked by Jake Gardiner.
10:23 of 2nd period - Puck is out of play.
10:24 of 2nd period - Travis Zajac wins face-off versus Matt Duchene in Blues zone.
10:24 of 2nd period - Travis Zajac is hit by Patrick Kane.
10:36 of 2nd period - Matt Duchene is hit by Sergei Shirokov and loses puck.
10:57 of 2nd period - Snap shot by Travis Zajac.
10:57 of 2nd period - Stopped by Ryan Miller with a rebound.
11:18 of 2nd period - Wrist shot by Patrick Kane.
11:18 of 2nd period - Goal by Patrick Kane - Blues : 1 - Devils : 2.
11:19 of 2nd period - Nicklas Backstrom wins face-off versus Jonathan Toews in neutral zone.
11:22 of 2nd period - Slapshot by Alex Pietrangelo.
11:22 of 2nd period - Shot Blocked by Taylor Hall.
11:24 of 2nd period - Snap shot by David Perron.
11:24 of 2nd period - Goal by David Perron - Blues : 2 - Devils : 2.
11:25 of 2nd period - Nicklas Backstrom wins face-off versus Jonathan Toews in neutral zone.
11:52 of 2nd period - Scott Gomez is hit by Jake Gardiner and loses puck.
12:05 of 2nd period - Slapshot by Ted Purcell.
12:05 of 2nd period - Stopped by Ryan Miller without a rebound.
12:06 of 2nd period - Jaden Schwartz wins face-off versus Travis Zajac in Devils zone.
12:06 of 2nd period - Jaden Schwartz is hit by Travis Zajac.
12:35 of 2nd period - Slapshot by Anthony Stewart.
12:35 of 2nd period - Stopped by Carey Price without a rebound.
12:36 of 2nd period - Nicklas Backstrom wins face-off versus Scott Gomez in Blues zone.
12:36 of 2nd period - Nicklas Backstrom is hit by Travis Hamonic.
12:45 of 2nd period - Travis Hamonic is hit by Jason Pominville and loses puck.
13:30 of 2nd period - Snap shot by Patrick Kane.
13:30 of 2nd period - Shot Misses the Net.
13:32 of 2nd period - Slapshot by Tyler Cuma.
13:32 of 2nd period - Deflect By Nick Leddy.
13:32 of 2nd period - Goal by Tyler Cuma - Blues : 2 - Devils : 3.
13:33 of 2nd period - Nicklas Backstrom wins face-off versus Jonathan Toews in neutral zone.
13:50 of 2nd period - Slapshot by David Perron.
13:50 of 2nd period - Stopped by Ryan Miller without a rebound.
13:51 of 2nd period - Travis Zajac wins face-off versus Scott Gomez in Devils zone.
13:52 of 2nd period - Snap shot by Alex Pietrangelo.
13:52 of 2nd period - Deflect By Scott Gomez.
13:52 of 2nd period - Stopped by Ryan Miller with a rebound.
14:17 of 2nd period - Nicklas Backstrom is hit by Jonathan Toews and loses puck.
14:39 of 2nd period - Snap shot by Patrick Kaleta.
14:39 of 2nd period - Shot Misses the Net.
14:41 of 2nd period - Snap shot by Ted Purcell.
14:41 of 2nd period - Stopped by Ryan Miller with a rebound.
14:43 of 2nd period - Slapshot by Cody Ceci.
14:43 of 2nd period - Stopped by Ryan Miller with a rebound.
15:01 of 2nd period - Wrist shot by Kellan Lain.
15:01 of 2nd period - Deflect By Cody Ceci.
15:01 of 2nd period - Stopped by Carey Price with a rebound.
15:03 of 2nd period - Wrist shot by Tyler Bozak.
15:03 of 2nd period - Shot Misses the Net.
15:05 of 2nd period - Wrist shot by Steve Quailer.
15:05 of 2nd period - Stopped by Carey Price with a rebound.
15:07 of 2nd period - Wrist shot by Steve Quailer.
15:07 of 2nd period - Goal by Steve Quailer - Blues : 2 - Devils : 4.
15:08 of 2nd period - Jason Pominville wins face-off versus Jonathan Toews in neutral zone.
15:35 of 2nd period - Travis Zajac is hit by Ondrej Palat and loses puck.
16:06 of 2nd period - Slapshot by Jaden Schwartz.
16:06 of 2nd period - Stopped by Carey Price without a rebound.
16:07 of 2nd period - Jonathan Toews wins face-off versus David Perron in Blues zone.
16:11 of 2nd period - Minor Penalty to Jason Pominville for Charging.
16:12 of 2nd period - Travis Zajac wins face-off versus Matt Duchene in Blues zone.
18:06 of 2nd period - Icing by Jordan Eberle.
18:07 of 2nd period - Matt Duchene wins face-off versus Drew Shore in Devils zone.
18:11 of 2nd period - Penalty to Jason Pominville is over, Jason Pominville is back on ice.
19:52 of 2nd period - Icing by Alex Pietrangelo.
19:53 of 2nd period - Matt Duchene wins face-off versus Nicklas Backstrom in Blues zone.
19:54 of 2nd period - Snap shot by Patrick Kane.
19:54 of 2nd period - Stopped by Carey Price with a rebound.
Goals for this period are 1 for Blues vs 3 for Devils.
Shots for this period are 10 for Blues vs 17 for Devils.
3rd period
0:01 of 3rd period - Nicklas Backstrom wins face-off versus Jonathan Toews in neutral zone.
0:16 of 3rd period - Slapshot by David Perron.
0:16 of 3rd period - Shot Misses the Net.
0:22 of 3rd period - Minor Penalty to Jonathan Toews for Hooking.
0:23 of 3rd period - Nicklas Backstrom wins face-off versus Scott Gomez in Devils zone.
1:22 of 3rd period - Ben Lovejoy is hit by Sergei Shirokov and loses puck.
2:22 of 3rd period - Penalty to Jonathan Toews is over, Jonathan Toews is back on ice.
2:32 of 3rd period - Slapshot by Linus Omark.
2:32 of 3rd period - Shot Misses the Net.
2:36 of 3rd period - Wrist shot by Linus Omark.
2:36 of 3rd period - Shot Misses the Net.
2:38 of 3rd period - Snap shot by Yann Sauvé.
2:38 of 3rd period - Shot Blocked by Dmitry Kulikov.
2:40 of 3rd period - Slapshot by Bryce Lampman.
2:40 of 3rd period - Shot Misses the Net.
2:42 of 3rd period - Snap shot by Drew Shore.
2:42 of 3rd period - Deflect By Linus Omark.
2:42 of 3rd period - Stopped by Ryan Miller without a rebound.
2:43 of 3rd period - Tomas Plekanec wins face-off versus Tyler Bozak in Devils zone.
2:56 of 3rd period - Snap shot by Kellan Lain.
2:56 of 3rd period - Goal by Kellan Lain - Blues : 2 - Devils : 5.
2:56 of 3rd period - Ray Emery enters game.
2:57 of 3rd period - Jonathan Toews wins face-off versus David Perron in neutral zone.
3:24 of 3rd period - Filip Forsberg is hit by Patrick Kane.
3:30 of 3rd period - Wrist shot by Sergei Shirokov.
3:30 of 3rd period - Shot Misses the Net.
3:32 of 3rd period - Slapshot by Yann Sauvé.
3:32 of 3rd period - Stopped by Ryan Miller without a rebound.
3:33 of 3rd period - Nicklas Backstrom wins face-off versus Matt Duchene in Devils zone.
3:38 of 3rd period - Snap shot by David Perron.
3:38 of 3rd period - Stopped by Ryan Miller without a rebound.
3:39 of 3rd period - Patrick Kane wins face-off versus Nicklas Backstrom in Devils zone.
3:46 of 3rd period - Snap shot by Nicklas Backstrom.
3:46 of 3rd period - Stopped by Ryan Miller without a rebound.
3:47 of 3rd period - Jonathan Toews wins face-off versus Nicklas Backstrom in Devils zone.
3:57 of 3rd period - Off-side.
3:58 of 3rd period - Nicklas Backstrom wins face-off versus Jonathan Toews in neutral zone.
4:38 of 3rd period - Slapshot by Alex Pietrangelo.
4:38 of 3rd period - Stopped by Ryan Miller without a rebound.
4:39 of 3rd period - Tomas Plekanec wins face-off versus Jordan Eberle in Devils zone.
4:40 of 3rd period - Snap shot by Ted Purcell.
4:40 of 3rd period - Shot Hit the Post.
4:45 of 3rd period - Off-side.
4:46 of 3rd period - Jonathan Toews wins face-off versus Tomas Plekanec in neutral zone.
4:51 of 3rd period - Wrist shot by Taylor Hall.
4:51 of 3rd period - Shot Misses the Net.
4:53 of 3rd period - Slapshot by Ben Lovejoy.
4:53 of 3rd period - Shot Misses the Net.
5:11 of 3rd period - Backhand shot by Patrick Kaleta.
5:11 of 3rd period - Goal by Patrick Kaleta - Blues : 3 - Devils : 5.
5:12 of 3rd period - Nicklas Backstrom wins face-off versus Jonathan Toews in neutral zone.
5:39 of 3rd period - Scott Gomez is hit by Sergei Shirokov and loses puck.
5:46 of 3rd period - Snap shot by Travis Zajac.
5:46 of 3rd period - Shot Blocked by Ryan O'Byrne.
5:50 of 3rd period - Slapshot by Travis Zajac.
5:50 of 3rd period - Stopped by Ryan Miller without a rebound.
5:51 of 3rd period - Jonathan Toews wins face-off versus Tomas Plekanec in Devils zone.
6:04 of 3rd period - Snap shot by Tomas Plekanec.
6:04 of 3rd period - Stopped by Ryan Miller without a rebound.
6:05 of 3rd period - Jonathan Toews wins face-off versus Nicklas Backstrom in Devils zone.
6:42 of 3rd period - Colton Parayko is hit by Alex Pietrangelo and loses puck.
7:44 of 3rd period - Nick Leddy is hit by Colton Parayko and loses puck.
8:06 of 3rd period - Minor Penalty to Jaden Schwartz for Slashing.
8:07 of 3rd period - Nicklas Backstrom wins face-off versus Scott Gomez in Devils zone.
8:15 of 3rd period - Jason Pominville is hit by Scott Gomez and loses puck.
8:22 of 3rd period - Travis Hamonic is hit by Jason Pominville and loses puck.
10:06 of 3rd period - Penalty to Jaden Schwartz is over, Jaden Schwartz is back on ice.
11:20 of 3rd period - Nicklas Backstrom is hit by Tyler Cuma and loses puck.
11:35 of 3rd period - Slapshot by Tyler Cuma.
11:35 of 3rd period - Deflect By Kellan Lain.
11:35 of 3rd period - Shot Blocked by Ted Purcell.
11:35 of 3rd period - Puck is out of play.
11:36 of 3rd period - Steve Quailer wins face-off versus Tomas Plekanec in Blues zone.
11:49 of 3rd period - Wrist shot by Patrick Kaleta.
11:49 of 3rd period - Stopped by Ryan Miller without a rebound.
11:50 of 3rd period - Jonathan Toews wins face-off versus Nicklas Backstrom in Devils zone.
12:01 of 3rd period - Wrist shot by Jonathan Toews.
12:01 of 3rd period - Shot Misses the Net.
12:32 of 3rd period - Slapshot by Travis Zajac.
12:32 of 3rd period - Deflect By Filip Forsberg.
12:32 of 3rd period - Stopped by Ryan Miller with a rebound.
13:07 of 3rd period - Icing by Ondrej Palat.
13:08 of 3rd period - Tyler Bozak wins face-off versus Drew Shore in Devils zone.
13:19 of 3rd period - Ryan O'Byrne is hit by Drew Shore and loses puck.
13:29 of 3rd period - Icing by Ryan O'Byrne.
13:30 of 3rd period - Nicklas Backstrom wins face-off versus Jordan Eberle in Devils zone.
14:01 of 3rd period - Snap shot by Patrick Kane.
14:01 of 3rd period - Stopped by Ray Emery with a rebound.
14:31 of 3rd period - Snap shot by Patrick Kane.
14:31 of 3rd period - Shot Misses the Net.
15:35 of 3rd period - Wrist shot by Linus Omark.
15:35 of 3rd period - Stopped by Ryan Miller with a rebound.
15:51 of 3rd period - Snap shot by Patrick Kane.
15:51 of 3rd period - Deflect By Jaden Schwartz.
15:51 of 3rd period - Shot Blocked by Yann Sauvé.
15:51 of 3rd period - Puck is out of play.
15:52 of 3rd period - Scott Gomez wins face-off versus Nicklas Backstrom in Blues zone.
15:55 of 3rd period - Slapshot by Tyler Cuma.
15:55 of 3rd period - Stopped by Ray Emery with a rebound.
15:57 of 3rd period - Slapshot by Ryan O'Byrne.
15:57 of 3rd period - Shot Misses the Net.
15:59 of 3rd period - Slapshot by Scott Gomez.
15:59 of 3rd period - Shot Misses the Net.
16:01 of 3rd period - Slapshot by Tyler Cuma.
16:01 of 3rd period - Stopped by Ray Emery with a rebound.
16:26 of 3rd period - Backhand shot by Alex Pietrangelo.
16:26 of 3rd period - Stopped by Ryan Miller with a rebound.
16:28 of 3rd period - Wrist shot by Tomas Plekanec.
16:28 of 3rd period - Stopped by Ryan Miller with a rebound.
16:30 of 3rd period - Snap shot by Ted Purcell.
16:30 of 3rd period - Stopped by Ryan Miller without a rebound.
16:31 of 3rd period - Nicklas Backstrom wins face-off versus Scott Gomez in Devils zone.
16:40 of 3rd period - Snap shot by David Perron.
16:40 of 3rd period - Stopped by Ryan Miller without a rebound.
16:41 of 3rd period - Nicklas Backstrom wins face-off versus Scott Gomez in Devils zone.
16:44 of 3rd period - Snap shot by Jason Pominville.
16:44 of 3rd period - Stopped by Ryan Miller with a rebound.
16:56 of 3rd period - Slapshot by Nicklas Backstrom.
16:56 of 3rd period - Stopped by Ryan Miller with a rebound.
16:58 of 3rd period - Slapshot by Cody Ceci.
16:58 of 3rd period - Deflect By Nicklas Backstrom.
16:58 of 3rd period - Shot Blocked by Anthony Stewart.
16:58 of 3rd period - Puck is out of play.
16:59 of 3rd period - Tomas Plekanec wins face-off versus Jonathan Toews in Devils zone.
17:00 of 3rd period - Snap shot by Patrick Kaleta.
17:00 of 3rd period - Shot Misses the Net.
17:02 of 3rd period - Slapshot by Alex Pietrangelo.
17:02 of 3rd period - Shot Misses the Net.
17:04 of 3rd period - Slapshot by Patrick Kaleta.
17:04 of 3rd period - Shot Misses the Net.
18:24 of 3rd period - Wrist shot by David Perron.
18:24 of 3rd period - Goal by David Perron - Blues : 4 - Devils : 5.
18:25 of 3rd period - Tomas Plekanec wins face-off versus Scott Gomez in neutral zone.
18:57 of 3rd period - David Perron is hit by Patrick Kane and loses puck.
19:10 of 3rd period - Blues, Ray Emery is pulled from the net.
19:16 of 3rd period - Snap shot by David Perron.
19:16 of 3rd period - Stopped by Ryan Miller with a rebound.
19:18 of 3rd period - Wrist shot by Alex Pietrangelo.
19:18 of 3rd period - Shot Misses the Net.
19:20 of 3rd period - Slapshot by Jason Pominville.
19:20 of 3rd period - Stopped by Ryan Miller with a rebound.
19:22 of 3rd period - Snap shot by Alex Pietrangelo.
19:22 of 3rd period - Shot Misses the Net.
19:59 of 3rd period - Wrist shot by Patrick Kane.
19:59 of 3rd period - Goal by Patrick Kane - Blues : 4 - Devils : 6.
19:59 of 3rd period - Ray Emery from Blues was sent back in the game.
Goals for this period are 2 for Blues vs 2 for Devils.
Shots for this period are 20 for Blues vs 5 for Devils.
Back to the Top